 Dungeon Crawl Stone Soup version 0.29-a0-993-g4a18f31a58 (webtiles) character file.

Game seed: 12164963166675098721

2295 ytrimaz the Cleaver (level 9, -4/64 HPs)
             Began as a Formicid Fighter on Aug 3, 2022.
             Slain by a two-headed ogre
             ... wielding a +0 giant club
              (12 damage)
             ... on level 8 of the Dungeon.
             The game lasted 00:09:36 (9927 turns).

ytrimaz the Cleaver (Formicid Fighter)              Turns: 9927, Time: 00:09:37

Health: -4/64      AC: 10    Str: 26    XL:     9   Next: 67%
Magic:  9/9        EV:  9    Int:  7    God:
Gold:   493        SH:  5    Dex: 13    Spells: 8/8 levels left

rFire   . . .      SeeInvis +   a - +2 war axe (chaos)
rCold   . . .      Faith    +   c - +0 buckler
rNeg    . . .      Spirit   .   b - +0 scale mail
rPois   .          Reflect  .   (helmet unavailable)
rElec   .          Harm     .   (no cloak)
rCorr   .          Rampage  .   j - +2 pair of gloves
Will    +....                   (no boots)
Stlth   ..........              f - amulet of faith
HPRegen 0.20/turn               (no ring)
MPRegen 0.11/turn               (no ring)

@: no status effects
A: permanent stasis, dig shafts and tunnels, antennae 3, four strong arms,
strong-willed 1, MP-powered wands, noise suppression
a: Dig, Shaft Self


You were on level 8 of the Dungeon.
You visited 2 branches of the dungeon, and saw 9 of its levels.

You collected 493 gold pieces.

Inventory:

Hand Weapons
 a - a +2 war axe of chaos (weapon)
Armour
 b - a +0 scale mail (worn)
 c - a +0 buckler (worn)
 j - a +2 pair of gloves (worn)
Jewellery
 f - an amulet of faith (around neck)
 o - a ring of wizardry
 p - an amulet of magic regeneration
Wands
 q - a wand of flame (50)
Scrolls
 e - 2 scrolls of magic mapping
 i - 3 scrolls of immolation
 k - 2 scrolls of enchant armour
 s - a scroll of vulnerability {unknown}
 t - a scroll of enchant weapon
Potions
 d - 2 potions of might
 g - a potion of brilliance {unknown}
 h - 2 potions of attraction
 l - a potion of invisibility {unknown}
 m - 4 potions of flight {unknown}
 n - 3 potions of curing
 r - a potion of resistance {unknown}


   Skills:
 - Level 3.2 Fighting
 + Level 12.3 Axes
 - Level 3.2 Armour
 - Level 4.0 Shields


You had 8 spell levels left.
You didn't know any spells.
Your spell library contained the following spells:

 Spells                   Type           Power      Damage    Failure   Level
 Magic Dart               Conj           0%         1d3       78%         1
 Slow                     Hex            0%         N/A       78%         1
 Ensorcelled Hibernation  Hex/Ice        0%         N/A       89%         2
 Passwall                 Tmut/Erth      0%         N/A       89%         2
 Searing Ray              Conj           0%         2d4       89%         2
 Confusing Touch          Hex            0%         N/A       98%         3
 Vampiric Draining        Necr           0%         2d6       98%         3
 Fulminant Prism          Conj/Hex       0%         3d6       100%        4
 Swiftness                Air            Unusable   N/A       N/A         3

Dungeon Overview and Level Annotations

Branches:
Dungeon (8/15)             Temple (1/1) D:7
   Lair: D:8-11

Altars:
Ashenzari
Dithmenos
Elyvilon
Fedhas
Gozag
Kikubaaqudgha
Makhleb
Nemelex Xobeh
Okawaru
Qazlal
Ru
Trog
Uskayaw
Vehumet
Yredelemnul
Zin
The Shining One

Shops:
D:2 *   D:7 ?


Innate Abilities, Weirdness & Mutations

You cannot be hasted, slowed, berserked, paralysed or teleported.
You can dig through walls and to a lower floor.
You have a pair of large antennae on your head. (SInv)
Your four strong arms can wield two-handed weapons with a shield.
You are strong-willed. (Will+)
You expend magic power (3 MP) to strengthen your wands.
You passively dampen the noise of your surroundings.


Message History

The black bear completely misses you.
The two-headed ogre shouts in stereo!
You hit the black bear.
The black bear easily resists.
The black bear is severely wounded.
You slash the black bear! The black bear misses you.
The black bear claws you but does no damage.
You block the black bear's attack. x2
The black bear claws you but does no damage.
The black bear claws you.
You hit the black bear.
The black bear is moving more slowly.
The black bear is severely wounded.
You slash the black bear!
You kill the black bear!
The black bear barely misses you. x2; You block the black bear's attack.
Unknown command.
You slash the black bear!
Nothing appears to happen.
The black bear is almost dead.
You slash the steam dragon!
You feel better.
The steam dragon bites you but does no damage.
You block the steam dragon's attack. The black bear bites you!
The black bear claws you but does no damage. x2
Unknown command.
You hit the black bear.
Lightning courses through the black bear!
You kill the black bear!
You hit the steam dragon but do no damage.
Unknown command.
The two-headed ogre hits you with a +0 giant club!
The two-headed ogre hits you with a +0 giant spiked club!!
* * * LOW HITPOINT WARNING * * *
The steam dragon misses you. You block the steam dragon's attack.
Unknown command.
You hit the two-headed ogre. You burn the two-headed ogre.
The two-headed ogre is lightly wounded.
You closely miss the steam dragon. The steam dragon bites you.
* * * LOW HITPOINT WARNING * * *
The steam dragon claws you but does no damage.
You block the two-headed ogre's attack.
The two-headed ogre hits you with a +0 giant spiked club!
You die...

#......>........#####..#.......
#.......#..........##...P........
##.....#.........."...PP.P.......
.......##....###......PPP.P..P..#
.............#....PP.P...PPP....#
.................PP....PP..PP..†.
..........##....#...PP####.P.....
....#...#####...D.....# #P.P...#
##.. #....@O.P..# +...P..# ##
#.?.###...P.# #..P.... .......
..PP..P.P.P..... .......
#..P.P..PPP..... ........
P..P.P..P...... ....... ......
..... #... ....P ..... .....
..... .....


You could see a two-headed ogre and a steam dragon.

Vanquished Creatures
  A wyvern (D:8)
  A water moccasin (D:7)
  2 orc warriors
  3 black bears
  A sky beast (D:7)
  A centaur (D:7)
  A bullfrog (D:8)
  2 necrophages
  A gnoll sergeant (D:7)
  6 scorpions
  A jelly (D:7)
  2 hounds (D:5)
  4 orc priests
  2 iguanas
  7 orc wizards
  7 gnolls
  11 adders
  A river rat (D:6)
  A white imp (D:5)
  An ufetubus (D:6)
  8 worms
  2 dart slugs
  30 orcs
  5 ball pythons
  3 endoplasms
  4 giant cockroaches
  10 goblins
  9 hobgoblins
  7 jackals
  3 quokkas
  5 bats
  3 frilled lizards
  14 kobolds
  9 rats
168 creatures vanquished.

Vanquished Creatures (others)
  A rat (D:3)
1 creature vanquished.

Grand Total: 169 creatures vanquished

Notes
Turn   | Place    | Note
-------+----------+-------------------------------------------
     0 | D:1      | ytrimaz the Formicid Fighter began the quest for the Orb.
     0 | D:1      | Reached XP level 1. HP: 18/18 MP: 1/1
   230 | D:1      | Reached XP level 2. HP: 17/24 MP: 2/2
   427 | D:1      | Reached skill level 3 in Axes
   435 | D:1      | Reached XP level 3. HP: 11/29 MP: 3/3
   436 | D:1      | Gained mutation: You are strong-willed. (Will+) [potion of
                  | mutation]
   436 | D:1      | Gained mutation: You expend magic power (3 MP) to
                  | strengthen your wands. [potion of mutation]
   436 | D:1      | Gained mutation: You passively dampen the noise of your
                  | surroundings. [potion of mutation]
   437 | D:1      | HP: 1/29 [poisoned by a goblin]
  1327 | D:2      | Reached skill level 4 in Axes
  1327 | D:2      | Reached XP level 4. HP: 30/35 MP: 4/4
  1586 | D:2      | Found Tytwa's General Store.
  2196 | D:2      | Found a faded altar of an unknown god.
  2548 | D:3      | Reached XP level 5. HP: 30/41 MP: 5/5
  2870 | D:3      | Reached skill level 5 in Axes
  4534 | D:5      | Entered Level 5 of the Dungeon
  4547 | D:5      | Reached XP level 6. HP: 45/47 MP: 6/6
  4604 | D:5      | Reached skill level 6 in Axes
  4950 | D:5      | Reached XP level 7. HP: 20/52 MP: 7/7
  4954 | D:5      | Reached skill level 7 in Axes
  5281 | D:5      | Reached skill level 8 in Axes
  6173 | D:6      | Reached XP level 8. HP: 53/58 MP: 8/8
  7357 | D:7      | Reached skill level 9 in Axes
  7448 | D:7      | Found Ziodgh's Magic Scroll Shop.
  7489 | D:7      | HP: 2/58 [orc/+0 club (2)]
  7906 | D:7      | Reached skill level 10 in Axes
  8062 | D:7      | Reached XP level 9. HP: 38/64 MP: 9/9
  8241 | D:7      | Found an ancient bone altar of Kikubaaqudgha.
  8241 | D:7      | Found an iron altar of Okawaru.
  8242 | D:7      | Found a glowing golden altar of the Shining One.
  8582 | D:7      | Reached skill level 11 in Axes
  8800 | D:7      | Found a staircase to the Ecumenical Temple.
  8811 | Temple   | Entered the Ecumenical Temple
  9344 | D:7      | Found a basalt altar of Yredelemnul.
  9646 | D:8      | Reached skill level 12 in Axes
  9773 | D:8      | Found a burning altar of Makhleb.
  9921 | D:8      | Noticed a two-headed ogre
  9927 | D:8      | Slain by a two-headed ogre

Illustrated notes

Levels and vault maps discovered:
D:1:      shiori_shiawase, layout_rooms, st_stairs_14
D:2:      layout_rooms, serial_shops, shop,
          hellmonk_ecumenical_altar_inner_sanctum, st_stairs_11,
          nicolae_elevator_lobby_plus
D:3:      layout_basic, kennysheep_generic_room_14
D:4:      layout_loops_ring, hangedman_decor_diamond_cutter, nrook_mini_vaults
D:5:      layout_loops_ring
D:6:      layout_gridville, lightli_sewer_entry_pipes
D:7:      layout_loops_ring, kennysheep_mini_moat,
          nicolae_overflow_hidden_temple, minmay_temple_entry_tees,
          serial_shops, shop
D:8:      layout_cave_pools, makhleb_altar_promises_db, kb_xom_exploding_sheep,
          grunt_lair_entry_orc_guard_hut, ebering_ghost_xom,
          serial_column_ruins, column_ruins_grid_1, column_ruins_grid_1,
          column_ruins_grid_3, column_ruins_columns_straight,
          kennysheep_nondescript, dreamdust_princess_corridor
Temple:   minmay_temple_forest_path

Skill      XL: |  1  2  3  4  5  6  7  8  9 |
---------------+----------------------------+-----
Axes           | 3 4 5 6 8 10 12 | 12.3
Fighting       | |  3.2
Armour         | |  3.2
Shields        | |  4.0

Action                   |  1- 3 |  4- 6 |  7- 9 || total
-------------------------+-------+-------+-------++-------
Melee: War axe           |    93 |   165 |   221 ||   479
 Abil: Dig               |       |     3 |     1 ||     4
  Use: Potion            |     2 |       |     3 ||     5
       Scroll            |     1 |     8 |     6 ||    15
Armor: Scale mail        |    60 |    78 |    95 ||   233
Dodge: Dodged            |    52 |    69 |   111 ||   232
Block: Buckler           |    35 |    41 |    65 ||   141

Table legend: (Time is in decaauts)
 A = Elapsed time spent in this place.
 B = Non-inter-level travel time spent in this place.
 C = Inter-level travel time spent in this place.
 D = Time resting spent in this place.
 E = Time spent auto-exploring this place.
 F = Levels seen in this place.
 G = Mean time per level.
                   A        B        C        D        E       F      G
               +--------+--------+--------+--------+--------+-----+--------+
         Total |  10059 |   9908 |    151 |   1056 |   7484 |   9 | 1117.7 |
       Dungeon |   9707 |   9592 |    115 |   1056 |   7181 |   8 | 1213.4 |
        Temple |    351 |    315 |     36 |      0 |    303 |   1 |  351.0 |
               +--------+--------+--------+--------+--------+-----+--------+

Top non-repeatable levels by time:
     D:7: 1777 daAuts
     D:6: 1556 daAuts
     D:5: 1275 daAuts
     D:3: 1227 daAuts
     D:2: 1224 daAuts
     D:1: 1203 daAuts
     D:4: 950 daAuts
     D:8: 492 daAuts
  Temple: 351 daAuts
